 Dungeon Crawl Stone Soup version 0.23.0 (webtiles) character file.

Game seed: 4542089507469445320

31691 Copingsaw the Covert (level 13, 0/105 HPs)
             Began as an Octopode Transmuter on Feb 18, 2019.
             Was the Champion of Cheibriados.
             Killed from afar by a rime drake (13 damage)
             ... with a flash freeze
             ... on level 6 of the Lair of Beasts.
             The game lasted 01:41:39 (21509 turns).

Copingsaw the Covert (Octopode Transmuter)         Turns: 21509, Time: 01:41:39

Health: 0/105      AC: 12    Str: 25    XL:     13   Next: 59%
Magic:  18/18      EV: 17    Int: 37    God:    Cheibriados [******]
Gold:   481        SH:  0    Dex: 28    Spells: 7/22 levels left

rFire    x . .     SeeInvis .     - Unarmed
rCold    + + +     Gourm    .   (shield currently unavailable)
rNeg     . . .     Faith    .   (helmet currently unavailable)
rPois    +         Spirit   .   G - amulet of the acrobat
rElec    .         Reflect  .   B - +3 ring of intelligence
rCorr    .         Harm     .   H - +4 ring of protection
MR       .....                  J - ring of stealth
Stlth    +++++++...             N - ring of protection from cold
HPRegen  0.27/turn              (no ring)
MPRegen  0.16/turn              (no ring)
                                (no ring)
                                (no ring)

@: ice-form, very slightly contaminated, very slow
A: large, almost no armour, stealthy swim, amphibious, 8 rings, (constrict 8),
low mp 1, evolution 1
a: End Transformation, Bend Time, Temporal Distortion, Slouch, Step From Time,
Renounce Religion


You were on level 6 of the Lair of Beasts.
You worshipped Cheibriados.
Cheibriados was exalted by your worship.
You were not hungry.
You were a creature of crystalline ice.
You visited 3 branches of the dungeon, and saw 17 of its levels.
You also visited: Sewer.

You collected 832 gold pieces.
You spent 351 gold pieces at shops.

Inventory:

Hand Weapons
 b - a +5 fustibalus (melded)
 D - a cursed +4 falchion of freezing
 E - a +0 blowgun
 K - a cursed +4 trident of freezing
 L - a +1 dagger of speed
 T - the +4 flail of the Unspeakable One {freeze, Stlth+, unknown}
   (You found it on level 3 of the Lair of Beasts)

   It has been specially enchanted to freeze those struck by it, causing extra
   injury to most foes and up to half again as much damage against particularly
   susceptible opponents.
   It can also slow down cold-blooded creatures.
   It makes you more stealthy.
Missiles
 d - 43 sling bullets
 o - 420 stones (quivered)
 q - 65 poisoned needles
 z - 5 curare-tipped needles
 A - 18 tomahawks
 P - 137 arrows
Armour
 y - a +0 buckler
 U - a +2 hat (melded)
Magical Staves
 a - an uncursed staff of wizardry
Jewellery
 B - a +3 ring of intelligence (left front paw)
 G - an amulet of the acrobat (around neck)
 H - a +4 ring of protection (right front paw)
 J - a ring of stealth (on tentacle)
 N - a ring of protection from cold (on tentacle)
Wands
 h - a wand of acid (6)
 i - a wand of iceblast (10)
 u - a wand of flame (6)
 w - a wand of clouds (6)
 R - a wand of disintegration (5)
 S - a wand of polymorph (11)
 V - a wand of paralysis (7)
Scrolls
 e - a scroll of magic mapping
 l - 3 scrolls of enchant armour
 n - 8 scrolls of remove curse
 v - a scroll of teleportation
 C - a scroll of identify
 F - 2 scrolls of amnesia
 M - 2 scrolls of fear
Potions
 g - a potion of magic {unknown}
 j - 4 potions of cancellation
 k - 8 potions of curing
 m - 4 potions of might
 p - 3 potions of heal wounds
 r - 4 potions of brilliance
 s - 4 potions of flight
 t - a potion of agility
 x - a potion of invisibility {unknown}
 O - 2 potions of lignification {unknown}
 Q - a potion of mutation
Miscellaneous
 I - a phantom mirror
Comestibles
 c - 23 rations


   Skills:
 + Level 7.6 Fighting
 + Level 5.6(6.0) Slings
 - Level 3.0(4.7) Throwing
 + Level 7.9 Dodging
 - Level 12.1 Stealth
 + Level 10.3 Unarmed Combat
 + Level 5.3 Spellcasting
 - Level 9.2 Transmutations
 - Level 3.2 Ice Magic
 - Level 2.2 Poison Magic
 + Level 9.5 Invocations


You had 7 spell levels left.
You knew the following spells:

 Your Spells              Type           Power        Failure   Level  Hunger
a - Beastly Appendage     Tmut           ######       1%          1    None
b - Sticks to Snakes      Tmut           ######..     1%          2    None
c - Spider Form           Tmut/Pois      ######....   1%          3    None
d - Ice Form              Ice/Tmut       ######..     2%          4    ##.....
e - Blade Hands           Tmut           ######....   2%          5    #####..

Your spell library contained the following spells:

 Spells                   Type           Power        Failure   Level  Hunger
 Pain                     Necr           #...         3%          1    None
 Summon Small Mammal      Summ           #...         3%          1    None
 Call Imp                 Summ           #.......     5%          2    None
 Corpse Rot               Necr           N/A          5%          2    None
 Call Canine Familiar     Summ           #.......     11%         3    None
 Regeneration             Chrm/Necr      #.........   11%         3    None
 Summon Guardian Golem    Hex/Summ       #.......     11%         3    None
 Vampiric Draining        Necr           #.........   11%         3    None
 Summon Ice Beast         Ice/Summ       ###.....     19%         4    ##.....
 Summon Lightning Spire   Summ/Air       #.......     34%         4    ##.....


Dungeon Overview and Level Annotations

Branches:
Dungeon (10/15)            Temple (1/1) D:6            Lair (6/6) D:9
 Shoals (0/4) Lair:2        Snake (0/4) Lair:3        Slime (0/5) Lair:6
    Orc: D:9-12

Altars:
Cheibriados
Elyvilon
Gozag
Nemelex Xobeh
Qazlal
Ru
Uskayaw
Vehumet
Xom
Zin

Shops:
D:5 (   D:8 *

Annotations:
D:5 2 transporters, 1 runed translucent door, Aldia's ghost, novice TrMo
D:10 Sonja
Lair:1 1 runed translucent door, DrChives's ghost, journeyman MiFi
Lair:2 1 runed translucent door, exclusion: oklob plant, Dedosul's ghost, journeyman HOFE
Lair:4 1 runed translucent door, Xyudeake's ghost, journeyman DEFE
Lair:5 Nessos


Innate Abilities, Weirdness & Mutations

You cannot wear most types of armour.
You are very stealthy in the water. (Stealth+)
You are amphibious.
You can wear up to eight rings at the same time.
((You can use your tentacles to constrict eight enemies at once.))
((Your skin changes colour to match your surroundings (Stealth+).))
((Your rubbery body absorbs attacks. (AC +1, EV +1)))
((You have a beak for a mouth.))
Your magical capacity is low. (-10% MP)
You evolve.


Message History

* * * LOW HITPOINT WARNING * * *
You feel very sick.
* * * LOW HITPOINT WARNING * * *
You feel very sick.
There is a stone staircase leading down here.
You feel better.
You climb downwards.
Your summoned ally is left behind.
A crocodile and a hydra come into view.
Found 19 gold pieces.
Found a stone staircase leading up.
There is a stone staircase leading up here.
Found a runed silver wand.
A death yak and a rime drake come into view.
The crocodile bites you.
* * * LOW HITPOINT WARNING * * *
The crocodile barely misses you.
There is a stone staircase leading up here.
The rime drake hisses angrily.
The rime drake breathes ice at you. The flash freeze hits you!
You partially resist.
You die...

*,,,,*≈**PP*,#...........,**,,,,,
**,,,,≈,*.P###...........,**,,,,,
*,*,,,≈,,...#............,**,,,,,
***,,,≈,,................,**,,,,,
*,,,*≈*,........<.......,*,,,,**
**,,,*≈*,................,**,***,
*,,,,*****.##............,,***,,,
*,,,,* *****#$.t.........,,,,,,,,
**,<,***,*,*#...Y........,,,,,,,*
*,,,,*,,P...........Y...,,,,,,**
*,,,***,.P............D.,,,,,**,
**,,,*,,................,,,***,,
*,,,*,*,.##.............,,,**,,,
*,,,,*,,,,#/............,,,,,,,,
*,,,**,,,*.....k.......,,,,,,,,,
**,,,,,,,.#............,,,,,,,,,
**,,,,,,,,,,,,,,,,,,,,,,,,,,,,,,


You could see a death yak (wandering), a four-headed hydra (sleeping), a rime
drake and a crocodile.

Vanquished Creatures
  5 hydras
  A queen ant (Lair:1)
  A catoblepas (Lair:4)
  A two-headed ogre (D:8)
  4 elephants (Lair:3)
  A black mamba (Lair:6)
  Maurice (D:9)
  Psyche (D:8)
  7 spiny frogs
  A rime drake (Lair:5)
  A torpor snail (Lair:5)
  8 komodo dragons
  4 polar bears
  2 hornets
  12 blink frogs
  Grinder (D:6)
  6 hippogriffs
  A snapping turtle (Lair:2)
  6 wyverns
  A basilisk (D:9)
  26 yaks
  5 nagas (Lair:3)
  7 soldier ants
  9 porcupines
  9 water moccasins
  2 black bears
  An orc warrior (D:9)
  8 ice beasts
  8 wolves
  3 ogres
  3 phantoms
  A centaur (D:6)
  8 crocodiles
  3 big kobolds
  Blork the orc (D:6)
  9 bullfrogs
  4 scorpions
  7 killer bees
  8 wights
  2 howler monkeys (D:4)
  An electric eel (D:8)
  A crimson imp (D:6)
  3 hounds
  A jelly (D:4)
  3 orc priests
  2 orc wizards (D:6)
  A bullfrog skeleton (D:4)
  2 iguanas
  21 worker ants
  Ijyb (D:3)
  A hound skeleton (D:9)
  A howler monkey zombie (D:5)
  2 howler monkey skeletons
  11 adders
  A gnoll (D:7)
  9 river rats (Sewer)
  A hound simulacrum (D:8)
  2 shadow imps
  2 white imps (D:8)
  5 ufetubi (D:8)
  An ooze (Sewer)
  A worm (D:4)
  3 dart slugs
  A leopard gecko (D:3)
  21 orcs
  9 giant cockroaches
  15 goblins
  9 hobgoblins
  7 jackals
  3 quokkas
  4 ball pythons
  A ball python zombie (D:5)
  4 bats
  8 frilled lizards
  A jackal simulacrum (D:8)
  A jackal zombie (D:5)
  28 kobolds
  A quokka simulacrum (D:8)
  22 rats
  A butterfly (Lair:5)
401 creatures vanquished.

Vanquished Creatures (collateral kills)
  A hydra (Lair:2)
  7 yaks
  A basilisk (Lair:5)
  An acid dragon (D:9)
  A killer bee (D:7)
  An orc priest (D:7)
  A hound (D:8)
  A gnoll shaman (D:7)
  A worker ant (Lair:2)
  A hound skeleton (D:6)
  4 gnolls (D:7)
  3 orcs
  A leopard gecko skeleton (D:6)
  A butterfly (D:6)
25 creatures vanquished.

Vanquished Creatures (others)
  A polar bear (D:8)
  Grum (D:8)
  3 wolves (D:8)
  A centaur simulacrum (D:8)
  13 fungi
  14 plants
  2 withered plants (Lair:2)
35 creatures vanquished.

Grand Total: 461 creatures vanquished

Notes
Turn   | Place    | Note
-------+----------+-------------------------------------------
     0 | D:1      | Copingsaw the Octopode Transmuter began the quest for the
                  | Orb.
     0 | D:1      | Reached XP level 1. HP: 13/13 MP: 3/3
   111 | D:1      | Reached XP level 2. HP: 14/18 MP: 3/5
   238 | D:1      | You fall through a shaft!
   291 | D:2      | Found an opulent altar of Gozag.
   800 | D:1      | Reached XP level 3. HP: 23/23 MP: 4/6
  1315 | D:2      | Learned a level 2 spell: Sticks to Snakes
  1319 | D:2      | Learned a level 3 spell: Spider Form
  1924 | D:2      | Reached XP level 4. HP: 27/28 MP: 6/8
  2502 | D:3      | Found a glowing drain.
  2590 | Sewer    | Entered a sewer
  2859 | Sewer    | Reached XP level 5. HP: 33/33 MP: 7/9
  3610 | Sewer    | Reached XP level 6. HP: 34/38 MP: 9/11
  4326 | D:3      | Found a sparkling altar of Nemelex Xobeh.
  4360 | D:3      | Noticed Ijyb
  4372 | D:3      | Killed Ijyb
  4373 | D:3      | Reached skill level 5 in Unarmed Combat
  4437 | D:3      | Reached XP level 7. HP: 43/43 MP: 11/13
  4761 | D:3      | Learned a level 4 spell: Ice Form
  4785 | D:4      | Found a stormy altar of Qazlal.
  5362 | D:4      | Reached skill level 5 in Transmutations
  5362 | D:4      | Reached skill level 1 in Poison Magic
  5677 | D:4      | Reached skill level 1 in Ice Magic
  6154 | D:4      | Reached XP level 8. HP: 40/48 MP: 11/14
  6642 | D:5      | Entered Level 5 of the Dungeon
  6732 | D:5      | Found a transporter.
  6767 | D:5      | Found a glowing silver altar of Zin.
  6767 | D:5      | Found a runed translucent door.
  6767 | D:5      | Noticed an angel
  6771 | D:5      | Found Zurizam's Antique Weapon Boutique.
  6791 | D:5      | Bought a glowing hunting sling for 135 gold pieces
  7020 | D:5      | Found a transporter.
  7021 | D:5      | Noticed Aldia's ghost (novice TrMo)
  7036 | D:5      | Noticed a +0 dagger
  7036 | D:5      | Noticed a +0 hand axe
  7039 | D:5      | Found a hide-covered altar of Uskayaw.
  7245 | D:6      | Noticed Grinder
  7246 | D:6      | Noticed Blork the orc
  7262 | D:6      | Killed Blork the orc
  7349 | D:6      | Killed Grinder
  8100 | D:6      | Reached XP level 9. HP: 53/53 MP: 7/15
  8126 | D:6      | Found a staircase to the Ecumenical Temple.
  8164 | Temple   | Entered the Ecumenical Temple
  8169 | Temple   | Became a worshipper of Cheibriados the Contemplative
  8481 | D:7      | Reached skill level 1 in Stealth
  8583 | D:7      | Learned a level 5 spell: Blade Hands
  9174 | D:7      | Reached skill level 2 in Stealth
  9695 | D:7      | Reached * piety under Cheibriados
  9915 | D:8      | Noticed a polar bear
  9915 | D:8      | Noticed a polar bear
  9940 | D:7      | Reached skill level 1 in Throwing
 10105 | D:8      | Reached skill level 3 in Stealth
 10400 | D:8      | Noticed Psyche
 10416 | D:8      | Killed Psyche
 10446 | D:8      | Reached skill level 4 in Stealth
 10562 | D:8      | Reached ** piety under Cheibriados
 10572 | D:8      | Reached XP level 10. HP: 63/63 MP: 14/16
 10835 | D:8      | Reached skill level 5 in Stealth
 10925 | D:8      | Noticed a two-headed ogre
 11065 | D:8      | Killed a two-headed ogre
 11065 | D:8      | Reached skill level 6 in Stealth
 11295 | D:8      | Killed Grum
 11635 | D:8      | Reached skill level 5 in Dodging
 11810 | D:8      | Found Jut Cekhla's General Store.
 11818 | D:8      | Bought a cursed amulet of inaccuracy for 24 gold pieces
 11818 | D:8      | Bought a scroll of noise for 12 gold pieces
 11821 | D:8      | Bought a +0 fustibalus for 180 gold pieces
 12051 | D:8      | Found a radiant altar of Vehumet.
 12602 | D:9      | Reached *** piety under Cheibriados
 12686 | D:9      | Noticed Maurice
 12795 | D:9      | Reached skill level 5 in Fighting
 12990 | D:9      | Reached skill level 7 in Stealth
 13047 | D:9      | Reached skill level 1 in Slings
 13118 | D:9      | Found a staircase to the Lair.
 13136 | D:9      | Reached XP level 11. HP: 27/72 MP: 17/17
 13513 | D:9      | Killed Maurice
 13528 | D:9      | Found a white marble altar of Elyvilon.
 13650 | D:9      | Found a sacrificial altar of Ru.
 13704 | D:10     | Entered Level 10 of the Dungeon
 13729 | D:10     | Noticed Sonja
 13917 | Lair:1   | Entered Level 1 of the Lair of Beasts
 14014 | Lair:1   | Reached skill level 8 in Stealth
 14016 | Lair:1   | Found a runed translucent door.
 14016 | Lair:1   | Found a shimmering altar of Xom.
 14016 | Lair:1   | Noticed DrChives's ghost (journeyman MiFi)
 14018 | Lair:1   | Noticed a +0 war axe of chaos
 14358 | Lair:1   | Reached **** piety under Cheibriados
 15226 | Lair:2   | You fall through a shaft for 2 floors!
 15607 | Lair:3   | Noticed a seven-headed hydra
 15615 | Lair:3   | Killed a seven-headed hydra
 15615 | Lair:3   | Reached skill level 9 in Stealth
 15977 | Lair:2   | Noticed an oklob plant
 16173 | Lair:2   | Reached skill level 1 in Invocations
 16204 | Lair:2   | Noticed a six-headed hydra
 16214 | Lair:2   | Killed a six-headed hydra
 16318 | Lair:2   | Reached XP level 12. HP: 80/80 MP: 16/18
 16320 | Lair:2   | Reached skill level 10 in Stealth
 16379 | Lair:2   | Reached ***** piety under Cheibriados
 16588 | Lair:2   | Reached skill level 5 in Invocations
 16592 | Lair:2   | Noticed a four-headed hydra
 16601 | Lair:2   | Killed a four-headed hydra
 16875 | Lair:2   | Found a runed translucent door.
 16876 | Lair:2   | Noticed Dedosul's ghost (journeyman HOFE)
 16939 | Lair:2   | Noticed a queen ant
 16979 | Lair:1   | Killed a queen ant
 16979 | Lair:1   | Reached skill level 11 in Stealth
 17271 | Lair:2   | Found a staircase to the Shoals.
 17391 | Lair:2   | You fall through a shaft!
 17623 | Lair:3   | Got a warped flail
 17681 | Lair:2   | Gained mutation: Your magical capacity is low. (-10% MP)
                  | [potion of mutation]
 17681 | Lair:2   | Gained mutation: You evolve. [potion of mutation]
 18774 | Lair:3   | Reached skill level 12 in Stealth
 18805 | Lair:3   | Found a staircase to the Snake Pit.
 19368 | Lair:4   | Reached ****** piety under Cheibriados
 19466 | Lair:4   | Reached XP level 13. HP: 85/85 MP: 17/17
 19519 | Lair:4   | Identified Ahethual's Volume of Darkness
 19603 | Lair:4   | Found a runed translucent door.
 19605 | Lair:4   | Noticed Xyudeake's ghost (journeyman DEFE)
 19606 | Lair:4   | Found the amulet of the Air {Inacc +Fly rElec EV+5 RMsl}
 20124 | Lair:5   | Reached skill level 10 in Unarmed Combat
 20305 | Lair:4   | Reached skill level 5 in Slings
 20524 | Lair:5   | You fall through a shaft!
 20524 | Lair:6   | Entered Level 6 of the Lair of Beasts
 20836 | Lair:5   | Reached skill level 5 in Spellcasting
 21107 | Lair:5   | Noticed Nessos
 21352 | Lair:5   | Gained mutation: You have a beak for a mouth. [evolution]
 21501 | Lair:5   | HP: 2/105 [poisoned by Nessos]
 21509 | Lair:6   | Killed from afar by a rime drake

Skill      XL: |  1  2  3  4  5  6  7  8  9 10 11 12 13 |
---------------+----------------------------------------+-----
Transmutations | 3 4 5 8 9 |  9.2
Spellcasting   | 3 4 5 |  5.3
Unarmed Combat | 4 5 6 7 8 9 10 | 10.3
Poison Magic   | 2 |  2.2
Ice Magic      | 2 3 |  3.2
Stealth        | 4 7 9 12 | 12.1
Fighting       | 3 5 6 7 |  7.6
Throwing       | 2 3 |  3.0
Dodging        | 3 5 7 |  7.9
Slings         | 2 4 5 |  5.6
Invocations    | 3 9 |  9.5

Action                   |  1- 3 |  4- 6 |  7- 9 | 10-12 | 13-15 || total
-------------------------+-------+-------+-------+-------+-------++-------
Melee: Unarmed           |    83 |   171 |   349 |   450 |   120 ||  1173
       Kick              |    25 |    19 |    17 |       |       ||    61
       Constrict         |    24 |    21 |    14 |       |       ||    59
       Tentacles         |     8 |    15 |    13 |       |     4 ||    40
       Punch             |     5 |     1 |     2 |       |     2 ||    10
 Fire: Blowgun           |       |     4 |    42 |    16 |       ||    62
       Hunting sling     |       |       |     3 |       |       ||     3
       Fustibalus        |       |       |       |    96 |    24 ||   120
Throw: Stone             |       |    18 |    11 |       |       ||    29
 Cast: Beastly Appendage |    28 |    23 |    18 |       |       ||    69
       Sticks to Snakes  |     1 |     1 |    20 |    19 |    10 ||    51
       Spider Form       |       |    13 |    26 |     3 |       ||    42
       Ice Form          |       |       |    17 |    57 |    18 ||    92
       Blade Hands       |       |       |       |       |     1 ||     1
 Abil: End Transformatio |       |       |     1 |     3 |       ||     4
Evoke: Wand              |       |       |       |     5 |     5 ||    10
  Use: Scroll            |     1 |     4 |    13 |    16 |     4 ||    38
       Potion            |       |       |     9 |     3 |     1 ||    13
 Stab: Sleeping          |     7 |     3 |     7 |     8 |     3 ||    28
       Invisible         |       |       |     2 |       |       ||     2
       Distracted        |       |       |     1 |     5 |     2 ||     8
  Eat: Chunk             |     3 |    10 |     7 |    11 |     1 ||    32
       Ration            |       |       |     5 |     3 |     1 ||     9
Armor: Skin              |     4 |    11 |    68 |    89 |    17 ||   189
Dodge: Dodged            |    46 |   120 |   285 |   431 |   139 ||  1021
